 Dungeon Crawl Stone Soup version 0.22-a0-147-gfdd7f25 (webtiles) character file.

904 varam the Grappler (level 7, -4/71 HPs)
             Began as a Troll Monk on Feb 6, 2018.
             Was a Believer of Okawaru.
             Slain by a gnoll
             ... wielding a +0 halberd
              (8 damage)
             ... on level 6 of the Dungeon.
             The game lasted 00:11:26 (3336 turns).

varam the Grappler (Troll Monk)                     Turns: 3336, Time: 00:11:27

Health: -4/71      AC:  5    Str: 20    XL:     7   Next: 80%
Magic:  6/6        EV: 10    Int: 12    God:    Okawaru [**....]
Gold:   190        SH:  0    Dex: 12    Spells: 6/6 levels left

rFire    . . .     SeeInvis .     - Unarmed
rCold    . . .     Gourm    +   (no shield)
rNeg     . . .     Faith    .   a - +0 robe
rPois    .         Spirit   .   (helmet restricted)
rElec    .         Reflect  .   (no cloak)
rCorr    .         Harm     .   (gloves unavailable)
MR       .....                  (boots unavailable)
Stlth    ++........             (no amulet)
HPRegen  0.61/turn              o - +4 ring of intelligence
MPRegen  0.10/turn              (no ring)

@: lethally poisoned (-4 -> -8)
A: large, unfitting armour, claws 3, fast metabolism 3, gourmand, regeneration
1, shaggy fur 1, tough skin 2
a: Heroism, Renounce Religion


You were on level 6 of the Dungeon.
You worshipped Okawaru.
Okawaru was pleased with you.
You were completely stuffed.

You visited 2 branches of the dungeon, and saw 7 of its levels.

You collected 190 gold pieces.

Inventory:

Missiles
 f - 5 tomahawks (quivered)
 k - 71 stones
 m - 9 large rocks
Armour
 a - a +0 robe (worn)
Jewellery
 o - a +4 ring of intelligence (left claw)
 r - a cursed ring of teleportation {unknown}
 t - an uncursed ring of stealth {unknown}
Wands
 p - a wand of enslavement (9)
 v - a wand of polymorph (14)
Scrolls
 d - 4 scrolls of blinking {unknown}
 g - a scroll of random uselessness {unknown}
 h - 7 scrolls of identify {unknown}
 i - 6 scrolls of teleportation {unknown}
 j - a scroll of amnesia {unknown}
 n - 3 scrolls of remove curse {unknown}
 u - 2 scrolls of fear {unknown}
Potions
 c - 2 potions of heal wounds {unknown}
 e - 2 potions of curing {unknown}
 l - 3 potions of haste {unknown}
 q - a potion of flight {unknown}
 w - a potion of might {unknown}
Comestibles
 b - 10 rations
 s - 5 chunks of flesh


   Skills:
 + Level 4.7 Fighting
 - Level 2.4 Dodging
 - Level 1.0 Stealth
 - Level 8.1 Unarmed Combat


You had 6 spell levels left.
You didn't know any spells.

Dungeon Overview and Level Annotations

Branches:
Dungeon (6/15)             Temple (1/1) D:5

Altars:
Ashenzari
Elyvilon
Fedhas
Gozag
Hepliaklqana
Kikubaaqudgha
Makhleb
Okawaru
Qazlal
Sif Muna
Trog
Uskayaw
Vehumet
Wu Jian
Xom
Yredelemnul
Zin
The Shining One


Innate Abilities, Weirdness & Mutations

You are too large for most types of armour.
You have claws for hands.
Your metabolism is lightning-fast.
You like to eat raw meat.
Your natural rate of healing is unusually fast.
You are covered in fur. (AC +1)
You have very tough skin. (AC +2)


Message History

You are more poisoned.
The adder poisons you!
A gnoll comes into view. It is wielding a morningstar.
The gnoll shouts!
You feel sick. The gnoll misses you. The gnoll closely misses you.
The gnoll hits you with a spear. The adder completely misses you.
The gnoll sergeant barely misses you.
Things that are here:
a spear; a gnoll corpse You scratch the gnoll sergeant.
The gnoll sergeant is lightly wounded.
You feel sick.
The gnoll hits you from afar with a spear!
* * * LOW HITPOINT WARNING * * *
The adder bites you but does no damage. The gnoll hits you with a morningstar.
* * * LOW HITPOINT WARNING * * *
The gnoll hits you with a spear.
* * * LOW HITPOINT WARNING * * *
The gnoll hits you from afar with a halberd!
You die...

#..#.#.#.#.#.#.#.#g#
.....................##
..#.#.#.#.#.#.#.#.#.#.#
......................##
.#.#.#.#.#.#.#.#.#.#.#.#####.
#............................
#.#.#.#.#.#.#.#g#g#.#........
##..............gg...........
#.#.#.#.#.#.#.#@#.#.........
##.............Sg...........
#.#.#.#.#.#.#.#.#..........
#..........................
#..#.#.#.#.#.#.#..#########
#.................#
##..#.#.#.#.#.#..##
#.#.............#
#..............##


You could see a gnoll sergeant, 4 gnolls and an adder.

Vanquished Creatures
  An orc warrior (D:6)
  2 ice beasts (D:5)
  2 ogres (D:4)
  An oklob sapling (D:5)
  2 howler monkeys
  A crimson imp (D:5)
  A centaur zombie (D:6)
  An orc wizard (D:4)
  A worker ant (D:4)
  4 gnolls
  9 adders
  A shadow imp (D:5)
  An ooze (D:3)
  A worm (D:2)
  6 dart slugs
  2 leopard geckos
  16 orcs
  7 bats
  5 giant cockroaches
  3 goblins
  8 hobgoblins
  8 jackals
  2 ball pythons
  3 frilled lizards (D:2)
  5 kobolds
  4 rats
  A plant (D:5)
98 creatures vanquished.

Notes
Turn   | Place    | Note
-------+----------+-------------------------------------------
     0 | D:1      | varam the Troll Monk began the quest for the Orb.
     0 | D:1      | Reached XP level 1. HP: 22/22 MP: 0/0
   301 | D:1      | Reached XP level 2. HP: 29/29 MP: 1/1
   628 | D:2      | Reached skill level 4 in Unarmed Combat
   662 | D:2      | Reached XP level 3. HP: 31/36 MP: 2/2
  1192 | D:3      | Reached skill level 5 in Unarmed Combat
  1192 | D:3      | Reached XP level 4. HP: 41/44 MP: 3/3
  1811 | D:4      | Reached XP level 5. HP: 49/50 MP: 4/4
  1837 | D:4      | Reached skill level 6 in Unarmed Combat
  2059 | D:4      | Noticed an ogre
  2071 | D:4      | Killed an ogre
  2071 | D:4      | Reached skill level 7 in Unarmed Combat
  2071 | D:4      | Reached XP level 6. HP: 51/59 MP: 5/5
  2178 | D:4      | Found a hazy altar of Hepliaklqana.
  2376 | D:5      | Entered Level 5 of the Dungeon
  2437 | D:5      | Noticed an ice beast
  2452 | D:5      | Killed an ice beast
  2452 | D:5      | Reached skill level 8 in Unarmed Combat
  2452 | D:5      | Reached XP level 7. HP: 44/66 MP: 6/6
  2459 | D:5      | Found a staircase to the Ecumenical Temple.
  2481 | Temple   | Entered the Ecumenical Temple
  2657 | Temple   | Became a worshipper of Warmaster Okawaru
  2657 | Temple   | Reached * piety under Okawaru
  2657 | Temple   | Reached ** piety under Okawaru
  2751 | D:5      | Reached skill level 3 in Fighting
  2880 | D:5      | Found a basalt altar of Yredelemnul.
  2934 | D:5      | Upgraded the game from 0.22-a0-142-g91cc6d7 to 0.22-a0-147-gfdd7f25
  3121 | D:6      | Found a hazy altar of Hepliaklqana.
  3139 | D:6      | Reached skill level 4 in Fighting
  3336 | D:6      | HP: 4/71 [gnoll/spear (5)]
  3336 | D:6      | Slain by a gnoll

Vault maps used:
D:1:      dpeg_arrival_central, corexii_corridor_pit,
          minmay_misc_feat_four_crosses, grunt_decor_one_mirror
D:4:      nicolae_overflow_crystal_walls
D:5:      kennysheep_mini, minmay_temple_entry_oklob, first_ration
D:6:      basic_altar, hex_large
Temple:   nicolae_temple_elliptical

Skill      XL: |  1  2  3  4  5  6  7 |
---------------+----------------------+-----
Unarmed Combat | 4 5 7 8 |  8.1
Fighting       | 4 |  4.7
Dodging        | |  2.4
Stealth        | |  1.0

Action                   |  1- 3 |  4- 6 |  7- 9 || total
-------------------------+-------+-------+-------++-------
Melee: Unarmed           |    86 |   105 |    60 ||   251
       Punch             |     1 |     2 |     5 ||     8
Throw: Stone             |     1 |       |       ||     1
       Tomahawk          |       |     3 |       ||     3
Invok: Heroism           |       |       |     1 ||     1
 Stab: Sleeping          |     2 |     4 |       ||     6
  Eat: Chunk             |    16 |    12 |     8 ||    36
Armor: Robe              |    36 |    41 |    15 ||    92
Dodge: Dodged            |    51 |    54 |    21 ||   126

Table legend:
 A = Spawn XP
 B = Non-spawn XP
 C = Spawn XP percentage of total XP
 D = Spawn monster count
 E = Non-spawn monster count
 F = Spawn count percentage of total count
 G = Total turns spent on level
                    A         B        C        D         E        F      G
               +---------+---------+-------+---------+---------+-------+---------
         Total |       0 |    1292 |   0.0 |       0 |      97 |   0.0 |  3336
               +---------+---------+-------+---------+---------+-------+---------
           D:1 |       0 |      24 |   0.0 |       0 |      13 |   0.0 |   622
           D:2 |       0 |      47 |   0.0 |       0 |      16 |   0.0 |   452
           D:3 |       0 |      94 |   0.0 |       0 |      23 |   0.0 |   675
           D:4 |       0 |     416 |   0.0 |       0 |      19 |   0.0 |   627
           D:5 |       0 |     434 |   0.0 |       0 |      18 |   0.0 |   485
           D:6 |       0 |     277 |   0.0 |       0 |       8 |   0.0 |   215
               +---------+---------+-------+---------+---------+-------+---------
